Map: Blueshift LE

Players

liquidthermy (uThermal) - Winner!

  • Race: Terran Terran
  • League: Master
  • Spawn Location: 7:00

Reynor

  • Race: Zerg Zerg
  • League: Master
  • Spawn Location: 1:00

Event: HomeStory Cup XVIII

VOD

Have the link to the VOD?

Description

Time

  • Played on: Nov. 24, 2018, 9:13 a.m.
  • Length: 13:32

All games in this series

Show
View Real Time Build Order
Export as new Build Order

liquidthermy Terran - Winner!

Build Orders:  

Get SALT Encoding   

  12  0:01  SCV  
  13  0:13  Supply Depot  
  13  0:18  SCV  
  14  0:35  Barracks  
  14  0:47  Barracks  
  14  0:51  SCV  
  15  1:03  SCV  
  16  1:04  Refinery  
  16  1:15  SCV  
  17  1:23  Marine  
  18  1:27  Orbital Command  
  18  1:34  Marine  
  19  1:40  Marine  
  19  1:42  Supply Depot  
  20  1:51  Bunker  
  20  1:54  Marine  
  20  1:59  Marine  
  22  2:01  Bunker  
  21  2:15  Marine  
  21  2:17  Factory  
  21  2:18  Marine  
  23  2:33  Marine  
  23  2:35  Marine  
  21  2:37  SCV  
  22  2:49  SCV  
  23  3:01  SCV  
  23  3:03  Factory Reactor  
  23  3:04  Command Center  
  24  3:14  SCV  
  25  3:25  Starport  
  25  3:26  Supply Depot, SCV  
  26  3:38  Refinery, SCV  
  26  3:41  Hellion  
  29  3:46  Hellion  
  31  3:50  SCV  
  32  4:02  Hellion, SCV  
  35  4:05  Medivac  
  35  4:09  Hellion  
  39  4:15  SCV  
  40  4:26  Hellion  
  40  4:28  SCV  
  40  4:30  Hellion  
  45  4:37  Orbital Command  
  45  4:38  Starport Tech Lab  
  45  4:40  SCV  
  46  4:48  Supply Depot, Hellion  
  48  4:53  Hellion  
  48  4:55  SCV  
  51  5:01  Cloaking Field  
  51  5:03  SCV  
  52  5:07  SCV  
  53  5:15  Hellion, SCV  
  53  5:20  SCV  
  57  5:27  SCV  
  57  5:28  Supply Depot  
  58  5:32  Banshee  
  61  5:38  SCV  
  62  5:49  SCV  
  63  5:53  Command Center  
  63  5:54  Supply Depot  
  63  5:55  SCV  
  64  6:01  SCV  
  64  6:03  Factory, Barracks Tech Lab  
  64  6:04  Factory  
  65  6:09  SCV  
  65  6:10  Refinery x2  
  66  6:13  SCV  
  67  6:22  Armory, Banshee  
  67  6:23  SCV  
  71  6:27  SCV  
  71  6:31  Barracks Tech Lab  
  72  6:35  SCV  
  72  6:39  SCV  
  74  6:45  Supply Depot  
  74  6:47  SCV  
  74  6:51  SCV  
  76  6:56  Mag-Field Accelerator  
  76  6:58  Hellion  
  78  7:04  Cyclone, Banshee, SCV x2  
  78  7:05  Hellion  
  88  7:08  Cyclone  
  88  7:12  Infernal Pre-Igniter  
  84  7:16  SCV  
  84  7:17  SCV  
  84  7:20  Terran Vehicle And Ship Armor Level 1  
  84  7:22  Supply Depot  
  86  7:24  Supply Depot  
  86  7:27  Hellion  
  88  7:32  Orbital Command  
  88  7:33  SCV  
  88  7:35  SCV  
  90  7:41  Cyclone  
  90  7:43  Cyclone  
  96  7:45  SCV  
  96  7:51  SCV  
  98  7:52  Supply Depot  
  98  7:55  Refinery  
  98  7:56  Banshee  
  101  7:58  Refinery, SCV  
  101  8:01  Hellion  
  101  8:04  Hellion  
  106  8:05  SCV  
  106  8:07  SCV  
  106  8:10  SCV  
  109  8:13  Supply Depot  
  109  8:18  Cyclone x2, SCV  
  116  8:21  SCV  
  116  8:23  SCV  
  118  8:32  Starport, SCV  
  118  8:33  Starport  
  119  8:38  Hellion x2, SCV  
  119  8:41  Banshee  
  127  8:46  Supply Depot  
  127  8:47  SCV  
  128  8:50  Supply Depot  
  128  8:54  SCV  
  129  9:01  Cyclone x2  
  133  9:04  Supply Depot  
  133  9:06  Supply Depot  
  133  9:08  Hyperflight Rotors  
  133  9:09  Starport Tech Lab x2  
  133  9:18  Terran Vehicle And Ship Armor Level 2  
  133  9:22  Supply Depot  
  133  9:26  Hellion, SCV x3  
  138  9:31  Banshee x2  
  138  9:33  Cyclone  
  138  9:38  Cyclone  
  146  9:39  SCV  
  146  9:43  Banshee  
  146  9:45  SCV x2  
  146  9:55  Factory x2  
  146  9:58  Supply Depot  
  148  10:00  Hellion x2  
  148  10:04  Engineering Bay  
  148  10:06  Cyclone  
  153  10:10  Cyclone  
  156  10:18  Supply Depot  
  156  10:19  Supply Depot, Banshee x2  
  162  10:26  Supply Depot  
  162  10:33  Sensor Tower  
  162  10:34  Missile Turret  
  162  10:35  Missile Turret, Hellion  
  164  10:39  Factory Tech Lab  
  164  10:40  Factory Tech Lab, Hellion  
  166  10:42  Supply Depot, Missile Turret  
  166  10:46  Banshee  
  169  10:53  Cyclone  
  169  10:54  Cyclone  
  175  11:01  Supply Depot x2, Cyclone  
  175  11:02  Banshee  
  178  11:12  Missile Turret  
  178  11:13  Missile Turret  
  178  11:15  Cyclone  
  178  11:17  Banshee  
  183  11:19  Missile Turret  
  183  11:29  Banshee  
  186  11:35  Command Center  
  186  11:54  Cyclone x2  
  192  11:57  Banshee  
  183  12:08  Cyclone  
  183  12:14  Cyclone  
  178  12:18  Banshee  
  175  12:26  Cyclone x2  
  181  12:33  Hellion  
  183  12:40  Cyclone  
  171  12:46  Cyclone, Banshee  
  171  12:49  Hellion  
  166  12:58  Cyclone x2  
  162  13:06  Command Center  
  162  13:11  Hellion  
Show
View Real Time Build Order
Export as new Build Order

Reynor Zerg 

Build Orders: Hatch First, Swarm Host 

Get SALT Encoding   

  12  0:00  Drone  
  13  0:12  Overlord  
  13  0:17  Drone  
  14  0:30  Drone  
  14  0:31  Drone  
  16  0:50  Hatchery  
  16  0:51  Drone  
  16  0:55  Drone  
  17  0:58  Drone  
  18  1:09  Extractor  
  17  1:14  Spawning Pool  
  17  1:17  Drone  
  17  1:21  Drone  
  18  1:27  Drone  
  19  2:01  Queen  
  19  2:03  Spine Crawler, Zergling x4  
  19  2:04  Zergling x4  
  22  2:16  Zergling x2  
  22  2:19  Drone  
  23  2:32  Drone  
  23  2:37  Drone  
  22  2:46  Drone  
  22  2:47  Drone  
  22  2:50  Drone  
  25  3:00  Queen  
  27  3:05  Drone  
  28  3:14  Overlord  
  28  3:19  Drone  
  27  3:28  Overlord  
  27  3:30  Drone x2  
  27  3:33  Metabolic Boost  
  28  3:40  Drone  
  28  3:41  Drone x2  
  31  3:45  Drone  
  32  3:50  Queen  
  32  3:53  Zergling x2  
  32  3:54  Zergling x2  
  36  3:59  Zergling x2  
  36  4:02  Zergling x2  
  38  4:03  Drone  
  38  4:07  Overlord  
  38  4:08  Drone  
  40  4:11  Drone  
  40  4:13  Drone  
  42  4:21  Zergling x4  
  44  4:30  Hatchery  
  44  4:31  Drone x2  
  45  4:37  Queen  
  47  4:38  Drone  
  47  4:41  Drone  
  47  4:43  Drone  
  50  4:46  Overlord  
  52  4:52  Drone x2  
  52  4:56  Baneling Nest  
  52  4:58  Overlord  
  46  5:15  Zergling x10  
  46  5:17  Zergling x2  
  49  5:23  Drone x3  
  51  5:29  Zergling x4  
  51  5:30  Drone  
  51  5:33  Drone  
  55  5:38  Queen  
  55  5:42  Drone x2  
  59  5:47  Spore Crawler x2  
  57  5:54  Drone  
  57  5:57  Spore Crawler  
  57  5:58  Drone x2  
  57  6:01  Drone x2  
  60  6:05  Baneling x4  
  60  6:06  Drone, Baneling  
  60  6:07  Drone  
  60  6:09  Drone  
  60  6:10  Drone  
  64  6:12  Drone  
  64  6:17  Overlord  
  65  6:20  Overlord  
  65  6:24  Overlord  
  65  6:32  Overlord  
  65  6:36  Overlord  
  65  6:38  Drone x7  
  72  6:40  Drone x2  
  72  6:41  Drone  
  72  6:43  Drone  
  72  6:45  Drone  
  72  6:46  Extractor  
  76  6:49  Lair  
  76  6:52  Baneling  
  76  6:54  Baneling  
  76  6:56  Queen  
  76  6:59  Drone x4  
  82  7:03  Overlord  
  81  7:08  Extractor  
  81  7:09  Zergling x6  
  81  7:10  Drone x3  
  81  7:14  Drone  
  81  7:15  Drone x2  
  88  7:17  Drone x2  
  88  7:20  Drone  
  88  7:21  Roach Warren  
  88  7:22  Extractor  
  89  7:23  Drone  
  89  7:28  Drone  
  91  7:30  Drone  
  91  7:36  Overlord  
  92  7:44  Drone x6  
  94  7:45  Extractor  
  94  7:48  Extractor, Hatchery  
  93  7:59  Queen  
  93  8:01  Infestation Pit  
  93  8:03  Roach x8  
  110  8:08  Overlord  
  109  8:15  Glial Reconstitution  
  109  8:17  Roach x5  
  109  8:19  Overseer  
  119  8:20  Queen  
  119  8:21  Overlord x3  
  121  8:28  Overlord  
  121  8:35  Roach x4  
  121  8:40  Drone x2  
  121  8:41  Drone  
  132  8:45  Drone x2  
  132  8:46  Drone x3  
  137  8:51  Spire  
  137  8:55  Overlord  
  136  9:00  Drone x4  
  136  9:02  Extractor  
  134  9:03  Queen  
  134  9:06  Roach x2  
  139  9:10  Roach x3  
  145  9:23  Overlord x2  
  145  9:26  Evolution Chamber  
  145  9:31  Drone x6  
  145  9:43  Drone x2  
  147  9:57  Extractor  
  146  10:04  Mutalisk x7  
  146  10:05  Evolution Chamber x2, Mutalisk  
  146  10:07  Hatchery, Roach x8  
  163  10:08  Roach x2  
  163  10:14  Roach x2, Zerg Flyer Weapons Level 1  
  179  10:16  Overlord x2  
  179  10:21  Pneumatized Carapace, Spore Crawler  
  182  10:22  Overseer  
  182  10:24  Overlord  
  182  10:25  Drone  
  183  10:31  Zerg Missile Weapons Level 1, Zerg Ground Armor Level 1  
  175  11:18  Swarm Host x4  
  175  11:19  Swarm Host x4  
  175  11:23  Hive  
  199  11:41  Spine Crawler x3  
  199  11:43  Spine Crawler, Hydralisk Den  
  199  11:46  Swarm Host  
  198  11:57  Corruptor x4  
  198  11:58  Corruptor, Spore Crawler x3  
  196  12:04  Queen  
  182  12:09  Roach x8  
  182  12:10  Roach x5  
  182  12:12  Roach x3  
  182  12:13  Roach x4  
  182  12:15  Queen  
  194  12:16  Corruptor x4  
  196  12:23  Roach  
  196  12:27  Corruptor x2  
  196  12:29  Roach  
  198  12:36  Roach  
  198  12:43  Roach x6  
  198  12:44  Roach x3  
  183  12:47  Roach  
  163  12:54  Roach x3  
  149  12:59  Roach x2  
  149  13:00  Roach x2  
  149  13:05  Ravager x3  
  150  13:06  Ravager x2  
  150  13:08  Roach x2  
Tags
 
Add a new tag
Caveats
  • Supply blocks, unpowered buildings, or Contaminate may cause inaccurate times.
  • Supply counts are checked every 10 seconds.